 Dungeon Crawl Stone Soup version 0.31-a0-37-g98a128e1d9 (webtiles) character file.

Game seed: 15236783702072273452

7592 ytrimaz the Grappler (level 10, 0/83 HPs)
             Began as a Troll Transmuter on May 15, 2023.
             Was an Initiate of Gozag.
             Engulfed by a cloud of steam (2 damage)
             ... on level 9 of the Dungeon.
             The game lasted 00:13:31 (6671 turns).

ytrimaz the Grappler (Troll Transmuter)             Turns: 6671, Time: 00:13:31

Health: 0/83       AC:  5    Str: 22    XL:     10   Next: 97%
Magic:  15/16      EV:  9    Int: 19    God:    Gozag
Gold:   862        SH:  0    Dex:  8    Spells: 16/19 levels left

rFire   . .          .
                       - Unarmed
rCold   . . .        (no shield)
rNeg    . . .        a - +1 robe
rPois   .            (helmet restricted)
rElec   +            (no cloak)
rCorr   .            (gloves unavailable)
SInv    .            (boots unavailable)
Will    .....        f - amulet of Mouhuypp {rElec Regen+ Str+2 Dex-2}
Stlth   +            c - +4 ring of slaying
HPRegen 1.93/turn    n - +6 ring of intelligence
MPRegen 0.15/turn

%: no passive effects
@: wereblooded, gold aura, studying Axes
A: large, unfitting armour, claws 3, regeneration 1, shaggy fur 1, tough skin 1
a: Renounce Religion, Potion Petition, Call Merchant, Bribe Branch


You were on level 9 of the Dungeon.
You worshipped Gozag.
Gozag was pleased with you.
You visited 1 branch of the dungeon, and saw 9 of its levels.

You collected 1441 gold pieces.
You spent 33 gold pieces at shops.
You paid 546 gold pieces to Gozag.


Innate Abilities, Weirdness & Mutations

You are too large for most types of armour.
You have claws for hands.
Your natural rate of healing is unusually fast.
You are covered in fur. (AC +1)
You have tough skin. (AC +1)


   Skills:
 - Level 0.7 Fighting
 - Level 1.5 Dodging
 + Level 11.2 Unarmed Combat
 - Level 5.0 Spellcasting
 + Level 8.4 Transmutations


You had 16 spell levels left.
You knew the following spells:

 Your Spells              Type           Power      Damage    Failure   Level
a - Beastly Appendage     Tmut           72%        N/A       1%          1
b - Wereblood             Tmut           36%        N/A       1%          2

Your spell library contained the following spells:

 Spells                   Type           Power      Damage    Failure   Level
 Passwall                 Tmut/Erth      16%        N/A       3%          2
 Spider Form              Tmut/Pois      20%        N/A       7%          3
 Sandblast                Erth           8%         2d5       12%         1
 Blink                    Tloc           8%         N/A       19%         2
 Lesser Beckoning         Tloc           8%         N/A       19%         2
 Momentum Strike          Conj/Tloc      8%         3d8       19%         2
 Ice Form                 Ice/Tmut       20%        N/A       22%         4
 Dazzling Flash           Conj/Hex       8%         N/A       36%         3
 Stone Arrow              Conj/Erth      8%         3d7       36%         3
 Volatile Blastmotes      Fire/Tloc      8%         2d10      36%         3
 Iskenderun's Mystic Bla  Conj/Tloc      4%         2d3       77%         4
 Starburst                Conj/Fire      2%         6d3       100%        6

Inventory:

Armour
 a - a +1 robe (worn)
Jewellery
 c - a +4 ring of slaying (left claw)
   (You found it on level 1 of the Dungeon)
 f - the amulet of Mouhuypp (around neck) {rElec Regen+ Str+2 Dex-2}
   (You acquired it on level 2 of the Dungeon)

   [amulet of regeneration]

   Str:       It affects your strength (+2).
   Dex:       It affects your dexterity (-2).
   rElec:     It insulates you from electricity.
   Regen:     It increases your rate of health regeneration.
 g - a +6 ring of strength
   (You found it on level 4 of the Dungeon)
 i - an amulet of guardian spirit
   (You found it on level 4 of the Dungeon)
 n - a +6 ring of intelligence (right claw)
   (You found it on level 3 of the Dungeon)
 r - a +6 ring of strength
   (You found it on level 5 of the Dungeon)
 s - an amulet of magic regeneration
   (You found it on level 5 of the Dungeon)
 u - the ring "Zeyfin" {Fly rElec rF+ Will++ Int-2}
   (You found it on level 6 of the Dungeon)

   [ring of protection from fire]

   Int:       It affects your intelligence (-2).
   rF:        It protects you from fire.
   rElec:     It insulates you from electricity.
   Fly:       It grants you flight.
   Will:      It greatly increases your willpower.
Wands
 v - a wand of roots (10)
   (You found it on level 6 of the Dungeon)
 y - a wand of digging (4)
   (You found it on level 7 of the Dungeon)
Scrolls
 b - 2 scrolls of amnesia
 e - a scroll of fog
 j - 2 scrolls of noise
 q - 2 scrolls of teleportation
Potions
 d - 4 potions of flight
 h - a potion of cancellation
 k - a potion of attraction
 l - a potion of resistance
 m - 2 potions of brilliance {unknown}
 o - a potion of haste {unknown}
 p - a potion of ambrosia
 t - 3 potions of might
 x - a potion of heal wounds {unknown}

Dungeon Overview and Level Annotations

Branches:
Dungeon (9/15) Zot: 26759  Temple (0/1) D:7
   Lair: D:8-11         Orc: D:9-12

Altars:
Ashenzari
Dithmenos
Fedhas
Gozag
Makhleb
Qazlal
Ru
Wu Jian
Zin

Shops:
D:1 !   D:7 :

Annotations:
D:3 3 runed translucent doors, BlasphemerAmon's ghost, amateur MiBe
D:8 2 transporters, hgbash's ghost, novice GrFi

#.########....* #$#
###******* ** #$#
**,,,,*****, #$#
*,,,,,,,,,,, #$###
***,*,,*,*,*,* #)..#
*,,,,,******+* ###.##
*,,o.,$*,*,,,*
##.$######....,**,*,*,*
#§§.§§@.......,,*,*,*,*
#...§##.......,**,*~*,*
#....#*....###,,*,$,*,*
#.....,....# *,**+*****
#.......#### *,,*,*,*,*
#.......# *,,,,,,,,,
#.......# ******,,,*
#.......#** ***,,
*******,,,* ***


There were no monsters in sight!


Message History

Items here: $ ) = [.
You howl as the wereblood boils in your veins!
Your primal bloodlust is almost over.
The acid dragon spits acid at you. The splash of acid hits you!!
You hear an angry hiss. 😮 HP[-21]
You take 21 damage, and now have 62/83 hp.
MASSIVE DAMAGE!! (PAUSE)
There are monsters nearby!
Unknown command.
You are too injured to fight recklessly!
You barely miss the acid dragon. You claw the acid dragon!!
The acid dragon bites you!
The acid dragon claws you but does no damage. 😮 HP[-5]
You take 5 damage, and now have 57/83 hp.
You are too injured to fight recklessly!
You claw the acid dragon!
You feel a bit better.
You kill the acid dragon!
You howl as the wereblood boils in your veins! 😮 HP[+3]
You regained 3 hp, and now have 60/83 hp.
You claw the wyvern! The wyvern bites you!
A steam dragon comes into view. 😮 HP[-14]
You take 14 damage, and now have 46/83 hp.
Unknown command.
You scratch the wyvern. The wyvern closely misses you. The wyvern bites you!
* * * LOW HITPOINT WARNING * * *
😨 HP[-11]
You take 11 damage, and now have 35/83 hp.
You are too injured to fight recklessly!
You claw the wyvern! The wyvern bites you!
* * * LOW HITPOINT WARNING * * *
😨 HP[-9]
You take 9 damage, and now have 26/83 hp.
You are too injured to fight recklessly!
You claw the wyvern!
You feel a bit better.
You kill the wyvern! 😨 HP[+3]
You regained 3 hp, and now have 29/83 hp.
Unknown command.
You scratch the orc. The orc hits you with a +0 short sword.
* * * LOW HITPOINT WARNING * * *
😨 HP[-3]
You take 3 damage, and now have 26/83 hp.
You scratch the orc but do no damage. You claw the orc.
You feel a bit better.
You kill the orc!
Your primal bloodlust has ended. 😨 HP[+2]
You regained 2 hp, and now have 28/83 hp.
Casting: Wereblood (safe; 1% risk of failure)
Confirm with . or Enter, or press ? or * to list all spells.
Your blood is infused with primal strength. 😨 HP[+2] MP[-2]
You regained 2 hp, and now have 30/83 hp.
You lost 2 mp, and now have 14/16 mp.
Unknown command.
The steam dragon breathes steam at you. The ball of steam hits you!
* * * LOW HITPOINT WARNING * * *
You hear an angry buzzing noise.
Items here: ! $ ) [. 😱 HP[-12]
You take 12 damage, and now have 18/83 hp.
You completely miss the steam dragon.
You are engulfed in a cloud of scalding steam.
* * * LOW HITPOINT WARNING * * *
😱 HP[-6]
You take 6 damage, and now have 12/83 hp.
You barely miss the steam dragon.
You are engulfed in a cloud of scalding steam.
* * * LOW HITPOINT WARNING * * *
The steam dragon is distracted by your dazzling golden aura.
Unknown command.
You barely miss the steam dragon.
The steam dragon is no longer distracted by gold.
The steam dragon misses you. The steam dragon claws you.
* * * LOW HITPOINT WARNING * * *
😱 HP[-1]
You take 1 damage, and now have 11/83 hp.
You claw the steam dragon! x2; The steam dragon misses you.
The steam dragon claws you but does no damage. 😱 HP[+1]
You barely miss the steam dragon. The steam dragon breathes steam at you.
The ball of steam hits you!
* * * LOW HITPOINT WARNING * * *
😱 HP[-6]
You take 6 damage, and now have 6/83 hp.
You claw the steam dragon!
You feel a bit better.
You kill the steam dragon!
You are engulfed in a cloud of scalding steam.
* * * LOW HITPOINT WARNING * * *
😱 HP[-4] MP[+1]
You take 4 damage, and now have 2/83 hp.
You are engulfed in a cloud of scalding steam.
You die...
Your body crumbles into a pile of gold.

Skill      XL: |  1  2  3  4  5  6  7  8  9 10 |
---------------+-------------------------------+-----
Spellcasting   | 2 3 4 5 |  5.0
Transmutations | 2 3 5 6 8 |  8.4
Unarmed Combat | 4 5 7 9 11 | 11.2
Fighting       | |  0.7
Dodging        | |  1.5

Action                     |  1- 3 |  4- 6 |  7- 9 | 10-12 || total
---------------------------+-------+-------+-------+-------++-------
  Melee: Unarmed           |    66 |   155 |   214 |   151 ||   586
         Kick              |     5 |       |     2 |       ||     7
         Punch             |       |     3 |     9 |     8 ||    20
         Headbutt          |       |       |     2 |       ||     2
   Cast: Beastly Appendage |     9 |     1 |     1 |       ||    11
         Wereblood         |     1 |     3 |     5 |     5 ||    14
 Invoke: Call Merchant     |       |       |     1 |       ||     1
    Use: Scroll            |       |     9 |     9 |     2 ||    20
         Potion            |       |     3 |     5 |       ||     8
   Stab: Sleeping          |     2 |     1 |       |       ||     3
         Distracted        |       |       |       |     1 ||     1
 Armour: Robe              |    37 |    43 |    61 |    28 ||   169
         Skin              |       |       |    31 |       ||    31
  Dodge: Dodged            |    28 |    67 |    96 |    46 ||   237

Levels and vault maps discovered:
D:1:      dpeg_arrival_rhombi, layout_loops_ring, serial_shops, shop,
          roderic_roman_lattice, grunt_decor_clamped
D:2:      layout_basic, basic_altar, uniq_jessica, uniq_terence
D:3:      layout_rooms, jmf_multi_god_temple2, gammafunk_ghost_icy
D:4:      black_bear_nest_1, layout_basic, minmay_rat_hole
D:5:      nicolae_cairo_tiling_large_dashed, layout_basic, zin_academy,
          fedhas_altar_2, minmay_fountain_box
D:6:      layout_loops_ring, amethyst_overflow_temple_binary,
          nicolae_qazlal_style_of_elements
D:7:      layout_rooms, nicolae_wu_jian_immortal_techniques,
          minmay_temple_entry_poolview, minmay_manual_monstrance
D:8:      layout_loops_ring, gammafunk_ghost_gnarly_gnolls, minivault_14,
          grunt_decor_cap
D:9:      layout_basic, mainiacjoe_overflow_brackets, gammafunk_ghost_spectres,
          onia_ninara_cookie

Notes
Turn   | Place    | Note
-------+----------+-------------------------------------------
     0 | D:1      | ytrimaz the Troll Transmuter began the quest for the Orb.
     0 | D:1      | Reached XP level 1. HP: 18/18 MP: 1/1
     0 | D:1      | magus.rc [v1.9.6]
   178 | D:1      | Reached XP level 2. HP: 26/26 MP: 1/3
   232 | D:1      | Found Vakhlios's Distillery.
   237 | D:1      | Bought a potion of curing for 33 gold pieces
   575 | D:1      | Reached XP level 3. HP: 32/32 MP: 4/4
   578 | D:1      | Learned a level 2 spell: Wereblood
  1209 | D:2      | Noticed Jessica
  1210 | D:2      | Noticed Terence
  1218 | D:2      | Reached skill level 2 in Spellcasting
  1219 | D:2      | Killed Jessica
  1220 | D:2      | Reached skill level 2 in Transmutations
  1220 | D:2      | Reached XP level 4. HP: 38/40 MP: 1/6
  1223 | D:2      | Killed Terence
  1228 | D:2      | Identified a scroll of acquirement
  1228 | D:2      | Acquired the amulet of Mouhuypp {rElec Regen+ Str+2 Dex-2}
  1335 | D:2      | Found a burning altar of Makhleb.
  1581 | D:3      | Reached XP level 5. HP: 33/46 MP: 5/7
  1623 | D:3      | You pick up a book of Spectacle and begin reading...
  1623 | D:3      | You add the spells Volatile Blastmotes, Dazzling Flash,
                  | Iskenderun's Mystic Blast and Starburst to your library.
  1723 | D:3      | Found a runed translucent gate.
  1723 | D:3      | Found a runed translucent gate.
  1724 | D:3      | Found a runed translucent gate.
  1972 | D:3      | Found a large runed translucent door.
  1973 | D:3      | Found a large runed translucent door.
  2039 | D:3      | Noticed BlasphemerAmon's ghost (amateur MiBe)
  2095 | D:3      | Found a shadowy altar of Dithmenos.
  2102 | D:3      | Found an opulent altar of Gozag.
  2108 | D:3      | Became a worshipper of Gozag Ym Sagoz the Greedy
  2221 | D:4      | Reached skill level 4 in Unarmed Combat
  2365 | D:4      | HP: 10/46 [orc/+0 trident (6)]
  2366 | D:4      | HP: 2/46 [orc/+0 club (3)]
  2468 | D:4      | Noticed a black bear
  2475 | D:4      | Killed a black bear
  2476 | D:4      | Reached skill level 3 in Spellcasting
  2476 | D:4      | Reached XP level 6. HP: 54/54 MP: 9/9
  2695 | D:4      | You pick up a book of Geomancy and begin reading...
  2695 | D:4      | You add the spells Sandblast, Passwall and Stone Arrow to
                  | your library.
  2834 | D:5      | Entered Level 5 of the Dungeon
  2992 | D:5      | HP: 13/54 [centaur (1)]
  2993 | D:5      | HP: 5/54 [centaur (5)]
  2997 | D:5      | Reached skill level 3 in Transmutations
  3029 | D:5      | Reached XP level 7. HP: 61/61 MP: 11/11
  3281 | D:5      | Reached skill level 5 in Unarmed Combat
  3529 | D:5      | Found a blossoming altar of Fedhas.
  3618 | D:5      | Found a glowing silver altar of Zin.
  3850 | D:6      | Found a stormy altar of Qazlal.
  3853 | D:6      | Noticed a fire elemental
  3853 | D:6      | Noticed an air elemental
  3853 | D:6      | Noticed a water elemental
  3879 | D:6      | Reached skill level 4 in Spellcasting
  4010 | D:6      | Reached XP level 8. HP: 51/68 MP: 13/13
  4091 | D:6      | Reached skill level 4 in Transmutations
  4282 | D:6      | Identified the ring "Zeyfin" {Fly rElec rF+ Will++ Int-2}
  4423 | D:6      | Reached skill level 6 in Unarmed Combat
  4474 | D:6      | Found a broken altar of Ashenzari.
  4474 | D:6      | Found a sacrificial altar of Ru.
  4627 | D:7      | You pick up a book of Spatial Translocations and begin
                  | reading...
  4627 | D:7      | You add the spells Blink, Momentum Strike and Lesser
                  | Beckoning to your library.
  4661 | D:7      | Reached skill level 5 in Spellcasting
  4664 | D:7      | HP: 17/68 [poisoned by a killer bee]
  4665 | D:7      | HP: 8/68 [killer bee (7)]
  4670 | D:7      | HP: 10/102 [poisoned by a killer bee]
  4675 | D:7      | HP: 10/102 [poisoned by a killer bee]
  4847 | D:7      | Noticed a boulder beetle
  4862 | D:7      | Killed a boulder beetle
  4863 | D:7      | Reached skill level 7 in Unarmed Combat
  4863 | D:7      | Reached skill level 5 in Transmutations
  4863 | D:7      | Reached XP level 9. HP: 57/75 MP: 15/15
  4963 | D:7      | Reached skill level 8 in Unarmed Combat
  5394 | D:7      | Reached skill level 6 in Transmutations
  5482 | D:7      | Found a staircase to the Ecumenical Temple.
  5583 | D:7      | Found an ornate altar of the Wu Jian Council.
  5617 | D:8      | Noticed a gargoyle
  5639 | D:8      | HP: 17/75 [gargoyle/+0 mace (12)]
  5644 | D:8      | HP: 2/75 [gargoyle/stone arrow (23)]
  5645 | D:8      | Killed a gargoyle
  5646 | D:8      | Reached skill level 9 in Unarmed Combat
  5649 | D:8      | Reached XP level 10. HP: 21/83 MP: 16/16
  5665 | D:8      | Reached skill level 7 in Transmutations
  5668 | D:8      | HP: 19/82 [yak (16)]
  5899 | D:8      | Paralysed by a hornet for 1 turns
  5900 | D:8      | HP: 20/83 [poisoned by a hornet]
  5901 | D:8      | Paralysed by a hornet for 1 turns
  5905 | D:8      | HP: 17/83 [poisoned by a hornet]
  6090 | D:8      | Identified the +3 scale mail "Iprap" {rCorr Dex+3}
  6108 | D:8      | Found a transporter.
  6111 | D:8      | Identified the ring of Giqeyneru {Drain rPois MP+9 Stlth+}
  6139 | D:8      | Reached skill level 10 in Unarmed Combat
  6278 | D:8      | Found a transporter.
  6287 | D:8      | Noticed hgbash's ghost (novice GrFi)
  6623 | D:9      | Reached skill level 8 in Transmutations
  6623 | D:9      | Noticed a two-headed ogre
  6635 | D:9      | Killed a two-headed ogre
  6636 | D:9      | Reached skill level 11 in Unarmed Combat
  6664 | D:9      | HP: 18/83 [steam dragon/ball of steam (14)]
  6669 | D:9      | HP: 6/83 [steam dragon/ball of steam (8)]
  6670 | D:9      | HP: 1/83 [something (6)]
  6671 | D:9      | Engulfed by a cloud of steam

Vanquished Creatures
  A two-headed ogre (D:9)
  A boulder beetle (D:7)
  A gargoyle (D:8)
  A hornet (D:8)
  13 yaks
  2 wyverns
  2 steam dragons
  2 water moccasins
  An acid dragon (D:9)
  An ice beast (D:6)
  3 sky beasts
  3 orc warriors
  2 black bears
  3 ogres
  2 centaurs
  2 phantoms (D:6)
  A kobold brigand (D:6)
  8 wights
  10 killer bees (D:7)
  2 electric eels (D:8)
  2 howler monkeys
  A jelly (D:6)
  3 hounds (D:5)
  A sleepcap (D:6)
  Jessica (D:2)
  3 iguanas
  Terence (D:2)
  9 orc wizards
  4 gnolls (D:5)
  4 adders
  2 ufetubi
  2 worms
  28 orcs
  13 ball pythons
  6 endoplasms
  7 giant cockroaches
  8 goblins
  8 hobgoblins
  8 jackals
  6 quokkas
  6 bats
  3 frilled lizards
  13 kobolds
  24 rats
224 creatures vanquished.

Table legend:
 A = Non-vault XP
 B = Vault XP
 C = Vault XP percentage of total XP
 D = Non-vault monster count
 E = Vault monster count
 F = Vault count percentage of total count
                 A         B        C        D         E       F
            +---------+---------+-------+---------+---------+-------
      Total |    8067 |    2780 |  25.6 |     190 |      34 |  15.2
            +---------+---------+-------+---------+---------+-------
        D:1 |      47 |       0 |   0.0 |      28 |       0 |   0.0
        D:2 |      26 |      73 |  73.7 |      15 |       2 |  11.8
        D:3 |     104 |       3 |   2.8 |      24 |       2 |   7.7
        D:4 |      56 |     146 |  72.3 |      23 |      20 |  46.5
        D:5 |     560 |       0 |   0.0 |      13 |       0 |   0.0
        D:6 |    1095 |       0 |   0.0 |      25 |       0 |   0.0
        D:7 |    1553 |     940 |  37.7 |      25 |       3 |  10.7
        D:8 |    2631 |       0 |   0.0 |      17 |       0 |   0.0
        D:9 |    1995 |    1618 |  44.8 |      20 |       7 |  25.9
            +---------+---------+-------+---------+---------+-------

Skill      XL: |  1  2  3  4  5  6  7  8  9 10 |
---------------+-------------------------------+-----
Spellcasting   | 2 3 4 5 |  5.0
Transmutations | 2 3 5 6 8 |  8.4
Unarmed Combat | 4 5 7 9 11 | 11.2
Fighting       | |  0.7
Dodging        | |  1.5

Action                     |  1- 3 |  4- 6 |  7- 9 | 10-12 || total
---------------------------+-------+-------+-------+-------++-------
  Melee: Unarmed           |    66 |   155 |   214 |   151 ||   586
         Kick              |     5 |       |     2 |       ||     7
         Punch             |       |     3 |     9 |     8 ||    20
         Headbutt          |       |       |     2 |       ||     2
   Cast: Beastly Appendage |     9 |     1 |     1 |       ||    11
         Wereblood         |     1 |     3 |     5 |     5 ||    14
 Invoke: Call Merchant     |       |       |     1 |       ||     1
    Use: Scroll            |       |     9 |     9 |     2 ||    20
         Potion            |       |     3 |     5 |       ||     8
   Stab: Sleeping          |     2 |     1 |       |       ||     3
         Distracted        |       |       |       |     1 ||     1
 Armour: Robe              |    37 |    43 |    61 |    28 ||   169
         Skin              |       |       |    31 |       ||    31
  Dodge: Dodged            |    28 |    67 |    96 |    46 ||   237

Illustrated notes

Table legend:
 A = Kills in this place as a percentage of kills in the entire game.
 B = Kills by you in this place as a percentage of kills by you in the entire game.
 C = Kills by friends in this place as a percentage of kills by friends in the entire game.
 D = Other kills in this place as a percentage of other kills in the entire game.
 E = Experience gained in this place as a percentage of experience gained in the entire game.
 F = Experience gained in this place divided by the number of levels of this place that you have seen.
                   A       B       C       D       E      F
               +-------+-------+-------+-------+-------+----------------------
         Total | 100.0 | 100.0 |   N/A |   N/A | 100.0 | 1205.2
       Dungeon | 100.0 | 100.0 |   N/A |   N/A | 100.0 | 1205.2
               +-------+-------+-------+-------+-------+----------------------

Table legend: (Time is in decaauts)
 A = Elapsed time spent in this place.
 B = Non-inter-level travel time spent in this place.
 C = Inter-level travel time spent in this place.
 D = Time resting spent in this place.
 E = Time spent auto-exploring this place.
 F = Levels seen in this place.
 G = Mean time per level.
                   A        B        C        D        E       F      G
               +--------+--------+--------+--------+--------+-----+--------+
         Total |   6607 |   6293 |    314 |    324 |   4477 |   9 |  734.1 |
       Dungeon |   6607 |   6293 |    314 |    324 |   4477 |   9 |  734.1 |
               +--------+--------+--------+--------+--------+-----+--------+

Top non-repeatable levels by time:
     D:5: 1012 daAuts
     D:6: 1003 daAuts
     D:1: 894 daAuts
     D:8: 792 daAuts
     D:7: 740 daAuts
     D:4: 671 daAuts
     D:2: 638 daAuts
     D:3: 614 daAuts
     D:9: 240 daAuts
